Map: Lightshade LE

Players

Talrand

  • Race: Zerg Zerg
  • League: Diamond

Lantern - Winner!

  • Race: Protoss Protoss
  • League: Diamond

VOD

Have the link to the VOD?

Description

Time

  • Played on: July 1, 2021, 1:10 a.m.
  • Length: 12:53
Show
View Real Time Build Order
Export as new Build Order

Talrand Zerg 

Build Orders: Hatch First, Roach Hydra 

Get SALT Encoding   

  12  0:00  Drone  
  13  0:12  Overlord  
  13  0:17  Drone  
  14  0:30  Drone x2  
  16  0:36  Drone  
  17  0:45  Drone  
  18  0:57  Hatchery  
  18  0:59  Drone  
  18  1:02  Extractor  
  17  1:15  Spawning Pool  
  17  1:17  Drone  
  17  1:23  Drone  
  18  1:32  Drone  
  19  1:40  Overlord  
  19  2:01  Zergling x4  
  19  2:02  Queen  
  23  2:09  Queen  
  23  2:10  Drone  
  23  2:13  Drone  
  27  2:21  Drone  
  28  2:24  Drone  
  29  2:30  Metabolic Boost  
  29  2:36  Drone x2  
  31  2:43  Queen  
  33  2:55  Hatchery  
  32  3:05  Drone  
  32  3:06  Drone x3  
  32  3:08  Overlord  
  32  3:09  Overlord  
  35  3:17  Drone  
  36  3:26  Queen  
  37  3:30  Drone x6  
  43  3:38  Lair  
  43  3:44  Roach Warren  
  43  3:45  Overlord  
  42  3:52  Drone x4  
  46  3:57  Extractor  
  46  4:00  Extractor, Drone x2  
  46  4:02  Drone  
  47  4:12  Queen  
  49  4:20  Drone x3  
  49  4:21  Overlord  
  53  4:24  Zergling x6  
  55  4:33  Evolution Chamber  
  55  4:36  Evolution Chamber  
  55  4:37  Drone x3  
  55  4:38  Drone  
  57  4:39  Hydralisk Den  
  57  4:41  Queen  
  58  4:46  Roach x2  
  58  4:51  Glial Reconstitution  
  62  4:57  Extractor  
  62  4:58  Zerg Missile Weapons Level 1  
  61  5:01  Drone  
  61  5:02  Drone x5  
  66  5:28  Drone x12  
  73  5:30  Overlord x3  
  73  5:34  Zerg Ground Armor Level 1  
  71  5:45  Overlord x2  
  71  5:46  Overlord  
  71  5:49  Queen  
  72  5:58  Overseer  
  72  6:00  Pneumatized Carapace  
  72  6:03  Hydralisk x2, Muscular Augments  
  72  6:04  Hydralisk  
  74  6:07  Drone x2  
  74  6:10  Extractor  
  79  6:11  Extractor  
  79  6:16  Queen  
  80  6:18  Drone x2  
  80  6:22  Drone  
  83  6:27  Drone x3  
  83  6:28  Drone  
  83  6:32  Hatchery  
  86  6:34  Drone  
  86  6:37  Drone x7  
  94  6:59  Zerg Missile Weapons Level 2  
  94  7:00  Hydralisk x8  
  110  7:11  Drone x10  
  120  7:21  Grooved Spines  
  120  7:22  Overlord  
  120  7:23  Overlord x2  
  120  7:24  Overlord  
  120  7:50  Roach  
  120  7:51  Roach x9  
  140  8:10  Hydralisk x2, Roach  
  140  8:11  Roach x7  
  119  8:30  Drone x9  
  128  8:39  Hydralisk  
  128  8:40  Hydralisk x5  
  138  8:58  Hydralisk  
  138  8:59  Hydralisk x6  
  152  9:08  Infestation Pit  
  151  9:12  Drone x4  
  151  9:13  Hatchery  
  154  9:21  Drone x4  
  158  9:33  Hydralisk  
  158  9:35  Overlord x2  
  158  9:36  Overlord x2  
  160  9:56  Hydralisk x7  
  160  9:57  Hydralisk x8  
  160  9:58  Overlord x2  
  188  10:11  Overlord x4  
  188  10:32  Extractor x2  
  188  10:33  Extractor  
  188  10:34  Extractor  
  184  10:36  Drone  
  184  10:37  Drone x3  
  184  10:38  Drone x2  
  184  10:39  Drone x2  
  184  10:40  Drone  
  184  10:41  Drone x2  
  195  10:50  Hive  
  121  11:48  Zergling x2  
  121  11:49  Zergling x40  
  122  12:00  Evolution Chamber  
  121  12:04  Spire, Hydralisk x10  
  121  12:06  Spire  
  121  12:08  Zergling x8  
  134  12:17  Zergling x6  
  99  12:35  Zergling x24  
Show
View Real Time Build Order
Export as new Build Order

Lantern Protoss - Winner!

Build Orders: 1 Gate Expand, Chargelot Immortal 

Get SALT Encoding   

  12  0:00  Probe  
  13  0:12  Probe  
  14  0:20  Pylon  
  14  0:24  Probe  
  15  0:38  Probe (Chrono Boost)  
  15  0:42  Gateway  
  17  0:50  Probe (Chrono Boost), Assimilator  
  17  0:55  Probe (Chrono Boost)  
  18  1:04  Probe  
  18  1:07  Pylon  
  19  1:16  Probe  
  20  1:35  Nexus  
  20  1:41  Cybernetics Core  
  20  1:46  Cybernetics Core  
  20  1:48  Probe  
  21  2:00  Probe  
  22  2:03  Assimilator  
  22  2:12  Gateway, Probe  
  23  2:26  Twilight Council  
  23  2:28  Warp Gate, Zealot (Chrono Boost)  
  25  2:37  Probe (Chrono Boost)  
  26  2:49  Probe (Chrono Boost)  
  28  2:51  Pylon  
  28  2:53  Probe x2 (Chrono Boost)  
  29  3:02  Probe  
  28  3:18  Adept x2  
  32  3:22  Resonating Glaives (Chrono Boost)  
  32  3:27  Probe x2  
  34  3:39  Probe (Chrono Boost)  
  36  3:44  Probe (Chrono Boost)  
  36  3:45  Robotics Facility  
  37  3:48  Probe (Chrono Boost)  
  37  3:49  Gateway  
  37  3:52  Probe (Chrono Boost)  
  37  3:53  Forge, Probe (Chrono Boost)  
  39  4:04  Pylon  
  39  4:16  Stalker  
  41  4:17  Stalker  
  43  4:24  Probe x2  
  45  4:32  Observer  
  45  4:33  Protoss Ground Weapons Level 1 (Chrono Boost)  
  45  4:36  Probe  
  45  4:37  Probe  
  48  4:41  Adept  
  48  4:42  Adept  
  52  4:46  Adept  
  54  4:53  Probe  
  54  4:54  Probe  
  56  5:01  Immortal  
  56  5:04  Zealot  
  62  5:07  Pylon  
  62  5:25  Probe x2  
  58  5:41  Probe x2  
  60  5:49  Immortal  
  64  5:51  Nexus  
  64  5:53  Probe x2  
  64  5:54  Pylon  
  66  5:58  Zealot x2, Pylon  
  66  6:03  Charge  
  70  6:08  Twilight Council  
  70  6:12  Pylon  
  70  6:16  Assimilator  
  70  6:19  Assimilator  
  70  6:21  Forge, Gateway  
  70  6:29  Pylon  
  70  6:33  Immortal  
  70  6:35  Zealot x3  
  80  6:44  Probe  
  80  6:45  Probe  
  82  6:50  Gateway  
  82  6:52  Gateway  
  82  6:54  Photon Cannon  
  82  6:57  Probe x2  
  82  6:59  Sentry  
  86  7:01  Assimilator  
  86  7:09  Protoss Ground Armor Level 1 (Chrono Boost), Probe x2  
  86  7:11  Protoss Ground Weapons Level 2 (Chrono Boost)  
  86  7:14  Robotics Bay  
  88  7:17  Probe  
  88  7:21  Probe x2  
  91  7:25  Adept x3  
  91  7:28  Adept  
  99  7:33  Observer  
  100  7:49  Probe x3  
  100  7:50  Zealot x4  
  109  8:01  Probe x2  
  105  8:05  Zealot  
  105  8:06  Zealot  
  101  8:14  Zealot x2  
  101  8:15  Zealot x2  
  101  8:32  Zealot  
  101  8:33  Zealot, Immortal (Chrono Boost)  
  97  8:42  Robotics Facility  
  97  8:44  Gateway  
  97  8:45  Gateway  
  97  8:52  Stalker x4  
  105  8:56  Assimilator  
  105  9:09  Disruptor (Chrono Boost)  
  108  9:21  Probe x3  
  108  9:24  Sentry x2  
  115  9:33  Probe x2  
  115  9:34  Pylon  
  117  9:51  Nexus  
  117  9:52  Disruptor  
  117  9:53  Probe x3  
  117  9:54  Pylon  
  117  9:57  Pylon  
  122  10:12  Probe x3  
  128  10:15  Disruptor (Chrono Boost)  
  128  10:25  Disruptor (Chrono Boost), Pylon  
  128  10:26  Probe x3  
  128  10:27  Gateway  
  128  10:28  Pylon  
  131  10:29  Gateway  
  134  10:38  Probe x3  
  134  10:40  Pylon  
  134  10:42  Pylon  
  137  10:50  Probe  
  137  10:51  Zealot  
  137  10:52  Zealot x3  
  137  10:54  Stalker  
  148  10:59  Colossus  
  148  11:00  Colossus  
  148  11:01  Extended Thermal Lance  
  148  11:03  Probe x4  
  164  11:06  Assimilator  
  164  11:11  Assimilator  
  164  11:13  Photon Cannon  
  164  11:15  Photon Cannon, Probe  
  165  11:25  Stalker x2  
  167  11:26  Stalker x4  
  158  11:49  Zealot x3  
  158  11:50  Zealot x3  
  158  11:51  Zealot  
  172  12:02  Pylon  
  172  12:04  Pylon  
  172  12:06  Pylon  
  172  12:17  Probe x2  
  172  12:20  Probe  
  172  12:22  Zealot x3  
  177  12:23  Zealot x4  
  177  12:24  Zealot x2  
  174  12:52  Zealot  
Tags
 
Add a new tag
Caveats
  • Supply blocks, unpowered buildings, or Contaminate may cause inaccurate times.
  • Supply counts are checked every 10 seconds.